Map: The Rising Dead T Experimental

Players

Legeno

  • Race: Protoss Protoss

Life

  • Race: Protoss Protoss

VOD

Have the link to the VOD?

Description

Time

  • Played on: Feb. 24, 2026, 4:07 a.m.
  • Length: 48:14
Show
View Real Time Build Order
Export as new Build Order

Legeno Protoss 

Build Orders:  

Get SALT Encoding   

    0:03  Unknown x249  
    0:04  Unknown x9  
    0:29  Unknown x2  
    0:50  Unknown  
    0:56  Unknown  
    0:57  Unknown  
    0:58  Unknown  
    0:59  Unknown x2  
    1:46  Unknown  
    1:56  Unknown  
    2:17  Unknown x102  
    2:21  Unknown  
    2:46  Unknown x2  
    2:50  Unknown x3  
    2:52  Unknown  
    2:53  Unknown  
    3:19  Unknown  
    3:38  Unknown  
    4:13  Unknown  
    4:26  Unknown  
    4:40  Unknown  
    4:42  Unknown  
    4:44  Unknown  
    4:45  Unknown x4  
    4:47  Unknown  
    4:48  Unknown x3  
    4:50  Unknown x102  
    4:57  Unknown x98  
    4:59  Unknown  
    5:01  Unknown  
    5:11  Unknown  
    5:27  Unknown  
    5:45  Unknown  
    6:16  Unknown  
    6:30  Unknown  
    6:31  Unknown  
    6:39  Unknown  
    7:05  Unknown  
    7:10  Unknown  
    7:16  Unknown  
    7:37  Unknown  
    7:42  Unknown  
    7:43  Unknown  
    7:44  Unknown x104  
    7:52  Unknown x102  
    8:20  Unknown  
    8:25  Unknown  
    8:32  Unknown  
    8:34  Unknown x104  
    8:35  Unknown  
    8:36  Unknown x3  
    8:37  Unknown x3  
    8:38  Unknown  
    9:00  Unknown  
    9:04  Unknown  
    9:08  Unknown  
    9:12  Unknown x101  
    9:16  Unknown  
    9:17  Unknown x82  
    10:41  Unknown  
    11:47  Unknown  
    13:55  Unknown  
    13:56  Unknown x82  
    13:58  Unknown  
    14:01  Unknown  
    14:03  Unknown x3  
    14:04  Unknown  
    14:06  Unknown x82  
    14:07  Unknown  
    14:08  Unknown  
    14:11  Unknown  
    14:13  Unknown  
    14:16  Unknown  
    14:17  Unknown  
    14:19  Unknown  
    14:23  Unknown  
    14:32  Unknown x3  
    14:35  Unknown  
    14:36  Unknown x2  
    16:09  Unknown  
    17:11  Unknown  
    19:59  Unknown  
    20:34  Unknown x5  
    20:35  Unknown  
    22:29  Unknown  
    22:45  Unknown  
    22:47  Unknown x103  
    22:50  Unknown  
    22:55  Unknown x102  
    22:59  Unknown  
    23:46  Unknown  
    23:54  Unknown  
    23:55  Unknown  
    23:56  Unknown  
    23:57  Unknown  
    23:58  Unknown x4  
    23:59  Unknown x82  
    24:02  Unknown x2  
    24:07  Unknown x82  
    25:51  Unknown  
    26:35  Unknown  
    27:17  Unknown  
    29:08  Unknown  
    29:09  Unknown x103  
    29:17  Unknown  
    29:23  Unknown x5  
    29:24  Unknown x2  
    29:25  Unknown x3  
    30:12  Unknown  
    30:15  Unknown x102  
    30:17  Unknown  
    30:19  Unknown  
    30:22  Unknown  
    30:29  Unknown x4  
    30:31  Unknown x3  
    30:49  Unknown  
    30:51  Unknown  
    30:54  Unknown  
    30:55  Unknown x101  
    31:01  Unknown x99  
    31:03  Unknown  
    31:04  Unknown x2  
    31:05  Unknown x5  
    31:33  Unknown  
    32:28  Unknown  
    32:42  Unknown  
    34:37  Unknown  
    34:39  Unknown  
    35:49  Unknown  
    37:10  Unknown  
    37:31  Unknown  
    37:35  Unknown  
    40:43  Unknown  
    42:13  Unknown  
    42:27  Unknown  
    42:28  Unknown  
    42:30  Unknown  
    43:03  Unknown x2  
    43:13  Unknown  
    45:57  Unknown  
    45:59  Unknown  
    46:26  Unknown  
    46:43  Unknown x2  
    47:19  Unknown  
    47:43  Unknown x82  
Show
View Real Time Build Order
Export as new Build Order

Life Protoss 

Build Orders:  

Get SALT Encoding   

    0:03  Unknown x249  
    0:04  Unknown x9  
    0:08  Unknown x2  
    0:39  Unknown  
    0:53  Unknown x2  
    0:55  Unknown  
    0:59  Unknown  
    1:01  Unknown  
    1:03  Unknown  
    1:24  Unknown  
    1:25  Unknown  
    2:17  Unknown x82  
    2:20  Unknown  
    2:21  Unknown  
    2:23  Unknown x2  
    2:24  Unknown x2  
    2:25  Unknown  
    2:26  Unknown  
    2:27  Unknown  
    3:50  Unknown x2  
    3:53  Unknown  
    4:08  Unknown  
    4:23  Unknown x2  
    4:24  Unknown x2  
    4:26  Unknown x2  
    4:34  Unknown  
    4:50  Unknown x83  
    4:57  Unknown x82  
    5:18  Unknown  
    5:19  Unknown  
    5:33  Unknown  
    5:47  Unknown  
    6:01  Unknown x2  
    6:02  Unknown x3  
    6:03  Unknown x2  
    6:31  Unknown  
    6:55  Unknown  
    7:13  Unknown  
    7:14  Unknown  
    7:44  Unknown x82  
    7:52  Unknown x82  
    8:12  Unknown  
    8:34  Unknown x82  
    9:07  Unknown  
    9:12  Unknown x82  
    9:17  Unknown x101  
    9:18  Unknown  
    9:20  Unknown x5  
    9:22  Unknown  
    11:43  Unknown  
    12:03  Unknown  
    13:49  Unknown  
    13:52  Unknown  
    13:54  Unknown  
    13:56  Unknown x102  
    14:06  Unknown x101  
    14:09  Unknown  
    14:10  Unknown  
    14:14  Unknown x2  
    14:15  Unknown  
    14:16  Unknown  
    17:57  Unknown  
    18:11  Unknown  
    18:35  Unknown  
    19:02  Unknown  
    19:04  Unknown  
    19:56  Unknown x2  
    20:02  Unknown x2  
    22:33  Unknown  
    22:35  Unknown  
    22:40  Unknown  
    22:42  Unknown  
    22:47  Unknown x82  
    22:55  Unknown x82  
    22:56  Unknown  
    22:58  Unknown  
    23:59  Unknown x103  
    24:01  Unknown  
    24:02  Unknown  
    24:07  Unknown x101  
    27:51  Unknown  
    28:08  Unknown  
    29:09  Unknown x82  
    30:10  Unknown x2  
    30:15  Unknown x82  
    30:27  Unknown  
    30:55  Unknown x82  
    31:01  Unknown x82  
    36:10  Unknown  
    37:13  Unknown  
    37:24  Unknown x2  
    39:45  Unknown x3  
    39:46  Unknown x4  
    39:47  Unknown  
    42:08  Unknown  
    42:09  Unknown  
    42:15  Unknown  
    47:43  Unknown x96  
Tags
 
Add a new tag
Caveats
  • Supply blocks, unpowered buildings, or Contaminate may cause inaccurate times.
  • Supply counts are checked every 10 seconds.